General information
- name: grudge4
- type: Ladder 1vs1/FFA
- host: BEAR_AND
- saver: BEAR_AND
map: EchoIcicles
- players: 10
- length: 32:39
- speed: Fast
- version: 1.21 W3XP
- replay type:

» download(117 KB)
Players
team 1 (loser)

»
WWGT]Terrordar (
purple | 65 APM | 2130 actions | 32:38)
6 Archmage
3 Blizzard
2 Brilliance Aura
1 Mass Teleport
» actions
| Assign group hotkey | 38 | |
| Basic commands | 3 | |
| Build / train | 79 | |
| ESC pressed | 3 | |
| Enter build submenu | 28 | |
| Enter hero's abilities submenu | 6 | |
| Remove unit from queue | 4 | |
| Right click | 1297 | |
| Select / deselect | 433 | |
| Select group hotkey | 69 | |
| Use ability | 170 | |
2130 total
» units
| Peasant | 13 | |
| Priest | 3 | |
| Gryphon Rider | 5 | |
| Dragonhawk Rider | 8 | |
| Siege Engine | 5 | |
34 total
» upgrades
| Masonry | 3 | |
| Cloud | 1 | |
| Animal War Training | 1 | |
5 total
» buildings
| Altar of Kings | 1 | |
| Lumber Mill | 1 | |
| Farm | 9 | |
| Scout Tower | 6 | |
| Arcane Tower | 1 | |
| Arcane Vault | 2 | |
| Guard Tower | 6 | |
| Keep | 1 | |
| Blacksmith | 1 | |
| Castle | 1 | |
| Arcane Sanctum | 1 | |
| Gryphon Aviary | 3 | |
| Barracks | 2 | |
| Workshop | 1 | |
36 total
» build order
00:07 Altar of Kings
00:14 Lumber Mill
00:19 Farm
00:34 Farm
00:38 Scout Tower
01:03 Scout Tower
01:31 Arcane Tower
01:44 Scout Tower
01:54 Arcane Vault
02:01 Scout Tower
02:18 Guard Tower
02:26 Guard Tower
02:41 Guard Tower
04:28 Keep
05:01 Scout Tower
05:03 Scout Tower
05:38 Guard Tower
06:01 Guard Tower
06:17 Blacksmith
06:51 Castle
07:18 Arcane Sanctum
08:35 Gryphon Aviary
08:37 Gryphon Aviary
09:19 Gryphon Aviary
10:08 Farm
10:34 Farm
10:37 Farm
11:30 Farm
11:58 Farm
12:17 Arcane Vault
13:27 Farm
13:47 Farm
15:01 Barracks
18:26 Barracks
23:10 Guard Tower
26:25 Workshop
» items
| Scroll of Regeneration | 3 | |
| Lesser Clarity Potion | 6 | |
| Staff of Teleportation | 1 | |
| Boots of Speed | 1 | |
| Potion of Healing | 2 | |
| Potion of Mana | 2 | |
| Ivory Tower | 5 | |
20 total
team 2 (winner)

»
WWGT]ShakaZahn (
light-blue | 111 APM | 3613 actions | 32:39)
5 Demon Hunter
2 Mana Burn
3 Evasion
5 Naga Sea Witch
2 Frost Arrows
3 Forked Lightning
» actions
| Assign group hotkey | 47 | |
| Basic commands | 51 | |
| Build / train | 112 | |
| ESC pressed | 7 | |
| Enter build submenu | 33 | |
| Enter hero's abilities submenu | 10 | |
| Give item / drop item | 2 | |
| Right click | 1921 | |
| Select / deselect | 364 | |
| Select group hotkey | 843 | |
| Use ability | 223 | |
3613 total
» units
| Wisp | 32 | |
| Archer | 4 | |
| Glaive Thrower | 4 | |
| Hippogryph | 28 | |
| Chimaera | 7 | |
| Druid of the Talon | 5 | |
80 total
» upgrades
| Strength of the Moon | 1 | |
| Ultravision | 1 | |
| Vorpal Blades | 1 | |
| Strength of the Wild | 3 | |
| Reinforced Hides | 2 | |
| Nature's Blessing | 1 | |
| Well Spring | 1 | |
| Druid of the Talon Training | 1 | |
11 total
» buildings
| Altar of Elders | 1 | |
| Moon Well | 11 | |
| Ancient of War | 1 | |
| Hunter's Hall | 1 | |
| Tree of Ages | 1 | |
| Ancient of Wind | 3 | |
| Ancient Protector | 6 | |
| Tree of Life | 1 | |
| Ancient of Wonders | 1 | |
| Tree of Eternity | 1 | |
| Chimaera Roost | 5 | |
32 total
» build order
00:03 Altar of Elders
00:18 Moon Well
01:12 Ancient of War
01:32 Moon Well
01:34 Moon Well
02:48 Hunter's Hall
03:19 Tree of Ages
04:48 Moon Well
05:39 Moon Well
06:07 Ancient of Wind
06:35 Ancient Protector
06:36 Ancient Protector
07:00 Moon Well
08:54 Tree of Life
12:37 Ancient Protector
12:39 Ancient Protector
13:10 Ancient of Wonders
14:17 Tree of Eternity
17:25 Chimaera Roost
17:33 Chimaera Roost
17:34 Chimaera Roost
17:53 Moon Well
17:53 Moon Well
18:27 Chimaera Roost
18:30 Chimaera Roost
19:20 Ancient Protector
20:11 Ancient Protector
21:44 Moon Well
23:11 Ancient of Wind
24:47 Moon Well
25:03 Moon Well
26:34 Ancient of Wind
» items
| Orb of Venom | 1 | |
| Potion of Healing | 3 | |
| Potion of Mana | 1 | |
| Staff of Preservation | 1 | |
| Scroll of Town Portal | 1 | |
7 total
observersBEAR_AND,
WWGT]Fictious,
WWGT]Huginn,
digitalJESUS,
eViL_pEnGooN,
WWGT]Dagda,
choochoo,
Chopstix Chat log
(00:09 / All) WWGT]ShakaZahn: sweet a race im good with.
(00:16 / Observers) WWGT]Fictious: Spacegreek?
(00:20 / Observers) WWGT]Huginn: tr
(00:22 / Observers) WWGT]Huginn: comin up
(00:23 / Observers) WWGT]Huginn: good call
(00:24 / Observers) BEAR_AND: thought you were spacegreek
(00:26 / Observers) Chopstix: there a command to show FPS?
(00:28 / Observers) BEAR_AND: /fps
(00:29 / Observers) WWGT]Fictious: Oops
(00:34 / Observers) WWGT]Fictious: Yeah I'm spacegreek
(00:34 / Observers) WWGT]Fictious: My bad
(00:49 / All) WWGT]ShakaZahn: gl hf/
(00:58 / Observers) WWGT]Huginn: shaka is going to say "lmfao"
(00:58 / Observers) WWGT]Huginn: no
(01:00 / Observers) WWGT]Huginn: goddamn you
(01:06 / Observers) WWGT]Huginn: you were supposed to tower rush
(01:08 / Observers) WWGT]Huginn: not tower
(01:24 / Observers) WWGT]Fictious: This is going to be a fun 2 hour long battle of futility.
(01:32 / Observers) WWGT]Huginn: he tower rushes he can win
(01:39 / Observers) BEAR_AND: too late no foots
(01:49 / Observers) WWGT]Huginn: well obviously not going for it
(02:02 / Observers) BEAR_AND: shaka scouted though
(02:06 / Observers) WWGT]Huginn: ayep
(02:10 / Observers) BEAR_AND: he could hav ejust popped another aow up
(02:12 / Observers) BEAR_AND: and countered it
(02:14 / Observers) Chopstix: well if hed picked bloodmage people wouldve thought he was me
(02:24 / Observers) WWGT]Huginn: longer the game goes on less chance he has of winning
(02:31 / Observers) BEAR_AND: who, shaka or terror
(02:34 / Observers) WWGT]Huginn: good tower rush he can get lucky and win
(02:38 / Observers) WWGT]Huginn: terror
(02:39 / Observers) Chopstix: terror
(02:41 / All) WWGT]ShakaZahn: guy
(02:43 / All) WWGT]ShakaZahn: what are you doing.
(02:44 / Observers) Chopstix: hahah
(02:54 / All) WWGT]ShakaZahn: if you dont want to play quit p[lease
(03:09 / All) WWGT]ShakaZahn: i give you rematch and you manner me.
(03:20 / All) WWGT]Terrordar: dont be a little bitch about it
(03:25 / Observers) WWGT]Fictious: Owned
(03:43 / Observers) WWGT]Fictious: mh?
(03:53 / Observers) choochoo: what
(03:54 / Observers) WWGT]Fictious: Oops nope
(04:18 / Observers) WWGT]Fictious: Gosu surround?
(04:58 / All) WWGT]ShakaZahn: why
(05:37 / Observers) Chopstix: oh man
(05:45 / Observers) BEAR_AND: shaka actually going siege.
(05:50 / Observers) Chopstix: im getting a bug where things look built while they are being built
(05:53 / Observers) WWGT]Huginn: of course to be fair ToD plays huvne and bitches when he loses like he would be a great fit in towa
(05:56 / Observers) BEAR_AND: well purp only has 5 tower
(05:59 / Observers) BEAR_AND: chopstix you alt tab?
(06:05 / Observers) BEAR_AND: that's what causes is
(06:05 / Observers) Chopstix: yea
(06:06 / Observers) BEAR_AND: it
(06:07 / Observers) Chopstix: o
(06:19 / Observers) WWGT]Huginn: i have to restart comp when that happens is gay
(06:23 / Observers) WWGT]Huginn: removes breath of fire too!
(06:37 / Observers) WWGT]Huginn: and some death anymations
(06:41 / Observers) Chopstix: man shouldve at least got the second balista
(07:21 / Observers) WWGT]Huginn: pressuring with siege teching to chim
(07:26 / Observers) BEAR_AND: mana pot
(07:27 / Observers) WWGT]Huginn: terror invisimort
(07:27 / Observers) BEAR_AND: haha
(07:38 / Observers) Chopstix: he needs to bliz those protect
(07:39 / Observers) Chopstix: too late
(08:02 / Observers) Chopstix: no morts
(08:12 / Observers) digitalJESUS: what are purp's chances (i am not a pro and cannot calculate this)
(08:16 / Observers) Chopstix: low
(08:16 / Observers) BEAR_AND: 5%
(08:19 / Observers) WWGT]Fictious: Approx 0%
(08:22 / Observers) Chopstix: no units
(08:29 / Observers) Chopstix: too much money
(08:33 / Observers) WWGT]Huginn: don't actually need them in huvne!
(08:34 / Observers) WWGT]Huginn: but
(08:36 / Observers) Chopstix: and he let the protectors go up
(08:52 / Observers) digitalJESUS: gryph aviary?
(08:55 / Observers) Chopstix: no food
(08:55 / Observers) WWGT]Huginn: terrordar is just trolling btw
(08:56 / Observers) WWGT]Fictious: Ah gryphons and casters, the perfect answer to archers and siege
(08:59 / Observers) Chopstix: he has 21/24
(09:29 / Observers) BEAR_AND: now he can't get hawk to counter lb's chim
(09:34 / Observers) BEAR_AND: oooh...wips
(09:40 / Observers) WWGT]Fictious: What chim
(09:47 / Observers) Chopstix: hips
(09:50 / Observers) Chopstix: rofl
(09:51 / Observers) BEAR_AND: oh
(10:15 / Observers) Chopstix: ohhhh
(10:22 / Observers) Chopstix: no farm yet
(10:27 / Observers) BEAR_AND: vorpal
(10:29 / Observers) BEAR_AND: gonna hurt
(10:30 / Observers) choochoo: with upgrade glaives are the only siege that never misses
(10:49 / Observers) Chopstix: haha
(10:55 / Observers) BEAR_AND: hahah lol
(10:55 / Observers) WWGT]Fictious: Glaive throwers... just another proof of overpowered night elf
(11:15 / Observers) digitalJESUS: these are unsafe working conditions for these peasants :|
(11:16 / Observers) Chopstix: fucking start with the gryphons already
(11:37 / Observers) BEAR_AND: chopstix cheering for purp.....lmao
(11:44 / Observers) Chopstix: farm goes down no more gryphons again
(11:48 / Observers) WWGT]Fictious: I'm cheering for purp too
(11:52 / Observers) WWGT]Fictious: Don't wanna play this other nigga
(12:31 / Observers) BEAR_AND: hmmmm.huymmmmmm
(12:50 / Observers) digitalJESUS: a trap of hips awaits
(12:57 / Observers) BEAR_AND: should have hips by siege
(13:05 / Observers) BEAR_AND: gryphon pizzown them
(13:09 / Observers) BEAR_AND: well
(13:14 / Observers) WWGT]Fictious: oh these guys are in the other half of bracket
(13:15 / Observers) Chopstix: hit and run
(13:21 / Observers) WWGT]Fictious: So I wouldn't lpay them until finals anyway (which I'm not gonna make)
(13:27 / Observers) WWGT]Fictious: Hahaha
(13:27 / Observers) BEAR_AND: well well well
(13:29 / Observers) WWGT]Dagda: . . .
(13:30 / Observers) digitalJESUS: such irony
(13:31 / All) WWGT]Terrordar: i am not going to
(13:38 / Observers) BEAR_AND: oooh that sucks
(13:40 / Observers) BEAR_AND: for lb
(14:06 / Observers) WWGT]Huginn: shaka 51 food aaww
(14:12 / Observers) WWGT]Fictious: Yeah
(14:19 / Observers) WWGT]Fictious: If Purp had some farms he might actually be winning
(14:23 / Observers) digitalJESUS: can protectors eat trees like other treants?
(14:26 / Observers) WWGT]Huginn: yep
(14:27 / Observers) choochoo: yes
(14:34 / Observers) Chopstix: if hed stop doing retarded shit
(15:16 / Observers) WWGT]Fictious: I like how LB got the naga, too
(15:22 / Observers) WWGT]Fictious: And she's just kind of been chillin the whole game
(15:27 / Observers) digitalJESUS: pretty much
(15:36 / Observers) Chopstix: 2k gold
(15:41 / Observers) WWGT]Fictious: hahahaha
(15:46 / Observers) digitalJESUS: those archers doing nothing but keeping him in upkeep :(
(15:55 / Observers) Chopstix: rofl
(15:58 / Observers) digitalJESUS: hahaha
(16:10 / Observers) BEAR_AND: lol
(16:11 / Observers) Chopstix: hips would win in fight against those gryphs right
(16:11 / Observers) BEAR_AND: aps
(16:13 / Observers) BEAR_AND: yes
(16:16 / Observers) digitalJESUS: i think so
(16:16 / Observers) WWGT]Fictious: Yeah purp has no chance
(16:17 / Observers) Chopstix: man
(16:22 / Observers) WWGT]Huginn: lol
(16:23 / Observers) Chopstix: lb does have very little wood
(16:25 / Observers) WWGT]Huginn: focus toe
(16:28 / Observers) Chopstix: ROFL
(16:29 / Observers) WWGT]Fictious: hahahahaha
(16:37 / Observers) Chopstix: no hammer upgrade/
(16:39 / Observers) WWGT]Fictious: Did he even get the fucking splash damage upgrade??
(16:40 / Observers) BEAR_AND: doesn't have hammers lol
(16:42 / Observers) WWGT]Fictious: Hahahaha
(16:45 / Observers) Chopstix: wow
(16:46 / Observers) digitalJESUS: :9
(16:48 / Observers) Chopstix: maybe wont hat shit right there
(16:56 / Observers) digitalJESUS: was wondering why the wisps wernt blowing the fuck up
(17:03 / Observers) WWGT]Fictious: Wow
(17:10 / Observers) WWGT]Fictious: Wow.
(17:13 / Observers) WWGT]Fictious: Good game.
(17:14 / Observers) BEAR_AND: le3
(17:14 / Observers) Chopstix: so i guess that answers the question
(17:28 / Observers) digitalJESUS: the gryphs put up somewhat of a fight ok :|
(17:29 / Observers) BEAR_AND: hawks
(17:31 / Observers) BEAR_AND: w/ cloud
(17:31 / Observers) Chopstix: wtf
(17:32 / Observers) Chopstix: dhawks
(17:36 / Observers) WWGT]Fictious: That was like 40 food of gryphs
(17:42 / Observers) WWGT]Fictious: Died to 10 food of hippogryphs
(17:58 / Observers) WWGT]Huginn: that didn't focus fire consistently
(18:05 / Observers) BEAR_AND: wow
(18:25 / Observers) BEAR_AND: dh has orb
(18:26 / Observers) WWGT]Fictious: Worst game ever?
(18:28 / Observers) BEAR_AND: hawk not gonna be great
(18:31 / Observers) BEAR_AND: one of them
(18:36 / Observers) Chopstix: hawk wasnt smart in first place
(18:38 / Observers) digitalJESUS: Shaka has hella gold
(18:44 / Observers) WWGT]Fictious: No wood
(18:47 / Observers) BEAR_AND: i want to customkick purp and disqualify him
(18:51 / Observers) BEAR_AND: but
(18:51 / Observers) digitalJESUS: lol
(18:52 / Observers) BEAR_AND: i wll not.
(19:07 / Observers) WWGT]Huginn: not the first time someone trolls a tourney this way
(19:11 / Observers) BEAR_AND: yea
(19:20 / Observers) Chopstix: hmmm
(19:21 / Observers) Chopstix: not i
(19:36 / Observers) WWGT]Huginn: guy has hella wisps
(19:39 / Observers) Chopstix: he should stop with
(19:40 / Observers) WWGT]Huginn: just isn't enough
(19:41 / Observers) digitalJESUS: welp i guess we are getting two awesome games in a row in
(19:43 / Observers) Chopstix: and make gryphons
(19:46 / Observers) Chopstix: man
(19:57 / Observers) Chopstix: if he had hammers when he hit his base at least he'd be low on wood
(20:15 / Observers) digitalJESUS: he is pretty low right now
(20:18 / Observers) BEAR_AND: 6 hawk
(20:18 / Observers) WWGT]Fictious: If he weren't retarded, a lot of things about this game would be different
(20:34 / All) WWGT]ShakaZahn: do you think you win vs dh with orb.
(20:36 / Observers) Chopstix: very long shackel
(20:49 / Observers) digitalJESUS: and what a micro war that was!
(20:50 / Observers) WWGT]Huginn: you can't shackle 1 hippo what is this
(21:04 / Observers) WWGT]Fictious: he has 7 hawks to 6 hips
(21:08 / Observers) WWGT]Fictious: in theory...
(21:34 / Observers) digitalJESUS: DH is just picking them off
(21:44 / Observers) BEAR_AND: funny thing is lb can afford it
(21:50 / Observers) Chopstix: bye bye gold
(21:57 / Observers) BEAR_AND: mine out
(22:17 / Observers) Chopstix: more dhawks ok
(22:22 / Observers) digitalJESUS: unless purple somehow gets to the bottom right expansion hes gonna be a broke ass nigga
(22:38 / Observers) Chopstix: rofl
(22:38 / Observers) WWGT]Fictious: uhh corrosive breath?
(22:41 / Observers) Chopstix: no
(22:42 / Observers) BEAR_AND: heavy
(22:42 / Observers) WWGT]Huginn: heavy armor
(22:44 / Observers) Chopstix: magic dmaage does more
(22:51 / Observers) WWGT]Fictious: Corrosive breath range is farther though
(22:52 / Observers) WWGT]Fictious: Out of tower range
(23:04 / Observers) BEAR_AND: yeah well guess lb's in a hurry
(23:07 / Observers) digitalJESUS: lets see how far 1700g can go
(23:32 / Observers) WWGT]Fictious: It's two fucking guard towers and an arcane
(23:33 / Observers) Chopstix: you mean 1400 since he has to build more towers
(23:35 / Observers) WWGT]Fictious: What a pussy
(23:44 / Observers) digitalJESUS: hahaha
(24:25 / Observers) Chopstix: if only he had hammer upgrade......
(24:26 / Observers) WWGT]Fictious: Kill naga
(24:32 / Observers) Chopstix: he only got one dhawk kill?
(24:34 / Observers) BEAR_AND: 2
(24:48 / Observers) Chopstix: dott now
(24:50 / Observers) WWGT]Fictious: ShakaZahn is really bad. I just realized
(25:03 / Observers) WWGT]Huginn: impossible to look good against gimmicks
(25:07 / Observers) Chopstix: i mean he isnt making any mistakes
(25:15 / Observers) WWGT]Fictious: Yeah he is
(25:20 / Observers) WWGT]Fictious: In my opinion
(25:30 / Observers) WWGT]Fictious: He lost two chims to those towers when he first assaulted
(25:38 / Observers) Chopstix: hes just cautious
(25:52 / Observers) WWGT]Fictious: Basically I'm saying he should've gotten corrosive breath.
(25:55 / Observers) Chopstix: cause he knew he had dhawk somewhere
(25:59 / Observers) WWGT]Fictious: But he probably doesn't realize it outranged towerss
(26:07 / Observers) WWGT]Fictious: hahahahaha
(26:09 / Observers) Chopstix: RIOFL
(26:10 / Observers) Chopstix: AHIUFhiujhsadviuyagsdhjcva
(26:11 / Observers) digitalJESUS: what
(26:13 / Observers) digitalJESUS: why
(26:18 / Observers) WWGT]Fictious: That was a smart tp
(26:18 / Observers) WWGT]Huginn: chims in trouble
(26:31 / Observers) Chopstix: he may get one building destroyed
(26:38 / Observers) Chopstix: shackel nigga
(26:42 / Observers) WWGT]Huginn: can also staff shackled units
(26:47 / Observers) WWGT]Huginn: unlike net and entangled ones
(27:01 / Observers) Chopstix: well can mass tp save this game
(27:03 / Observers) digitalJESUS: AM hit 6 from those chims>
(27:05 / Observers) BEAR_AND: hwo could it
(27:07 / Observers) digitalJESUS: damn
(27:13 / Observers) BEAR_AND: he hit six from trees
(27:16 / Observers) Chopstix: this is what im thinking
(27:17 / Observers) Chopstix: get invis
(27:24 / Observers) Chopstix: invis peasent to right side
(27:26 / Observers) Chopstix: harass
(27:29 / Observers) Chopstix: tp back in
(27:29 / Observers) WWGT]Fictious: What a fucking pussy.
(27:30 / Observers) Chopstix: etc
(27:42 / Observers) Chopstix: tanks
(27:48 / Observers) Chopstix: what a great way to spend his last cents
(27:49 / Observers) BEAR_AND: haha
(27:57 / Observers) BEAR_AND: tanks with no upgrades
(28:00 / Observers) BEAR_AND: does he have barrage?
(28:04 / Observers) digitalJESUS: no barrage upgrade either?
(28:04 / Observers) WWGT]Huginn: nope
(28:07 / Observers) digitalJESUS: hahaha
(28:09 / Observers) Chopstix: barrage is something like 75 though no problem
(28:15 / Observers) Chopstix: 25 gold 75 wood?
(28:17 / Observers) Chopstix: i think
(28:45 / Observers) WWGT]Fictious: if this guy loses DH he is the dumbest nigger ever
(28:54 / Observers) Chopstix: na i think hes leading on purpose
(29:12 / Observers) digitalJESUS: 0/0 upgrades :(
(29:20 / Observers) Chopstix: purple
(29:20 / Observers) digitalJESUS: those are some sad tanks
(29:23 / Observers) WWGT]Huginn: and no pile of missiles
(29:24 / Observers) BEAR_AND: start sieging imo
(29:28 / Observers) Chopstix: has made every single building possible
(29:35 / Observers) Chopstix: tanks against CHIMS hmm
(29:38 / Observers) choochoo: cannon
(29:40 / Observers) WWGT]Fictious: Cannon tower
(29:51 / Observers) Chopstix: what cannon tower
(29:56 / Observers) WWGT]Fictious: hahaha
(29:58 / Observers) choochoo: exactly
(30:00 / Observers) WWGT]Fictious: He nuked his own moon well
(30:06 / Observers) Chopstix: oh
(30:06 / Observers) WWGT]Fictious: (Moon wells don't give exp)
(30:07 / Observers) Chopstix: ya
(30:09 / Observers) BEAR_AND: he could go in an waste that am i think
(30:24 / Observers) WWGT]Fictious: Yeah that amount of chims can take down any hero. In like .5 secs
(30:35 / Observers) digitalJESUS: hes getting the third expansion now
(30:37 / Observers) BEAR_AND: e
(30:37 / Observers) Chopstix: armor too high for tanks too
(30:40 / Observers) BEAR_AND: treexcspo
(30:46 / Observers) Chopstix: tanks are good against like, bats and gargs
(30:51 / Observers) BEAR_AND: (tree + creep + expo)
(30:53 / Observers) eViL_pEnGooN: this si the end
(30:54 / Observers) BEAR_AND: and buildings
(30:56 / Observers) eViL_pEnGooN: gg
(31:01 / Observers) BEAR_AND: critter tp
(31:07 / Observers) Chopstix: hes still not getting barrage
(31:09 / Observers) Chopstix: hes going to
(31:11 / Observers) Chopstix: try to get his base
(31:12 / Observers) digitalJESUS: christ
(31:17 / All) WWGT]ShakaZahn: hows it feel.
(31:18 / Observers) BEAR_AND: critter
(31:19 / Observers) BEAR_AND: tp
(31:19 / Observers) Chopstix: rofl
(31:25 / Observers) digitalJESUS: no barrage ffff
(31:29 / Observers) Chopstix: hows he going to teleport in
(31:30 / All) WWGT]Terrordar: pretty good
(31:33 / Observers) BEAR_AND: to
(31:33 / Observers) BEAR_AND: a
(31:35 / Observers) BEAR_AND: critter
(31:41 / Observers) Chopstix: sure thats his/
(31:43 / Observers) BEAR_AND: nope
(31:48 / Observers) Chopstix: i doubt it
(31:59 / Observers) Chopstix: militia nig
(32:02 / Observers) digitalJESUS: its over
(32:16 / Observers) Chopstix: rofl
(32:17 / Observers) WWGT]Fictious: HAHAHAHA
(32:17 / Observers) BEAR_AND: lmao
(32:19 / Observers) digitalJESUS: hahahaha
(32:20 / Observers) BEAR_AND: pwned
(32:22 / All) WWGT]ShakaZahn: please leave
(32:24 / Observers) digitalJESUS: GO TANKS
(32:24 / Observers) digitalJESUS: GO
(32:35 / Observers) digitalJESUS: Flee!
(32:36 / All) WWGT]Terrordar: lol gg shaka